 Dungeon Crawl Stone Soup version 0.21.1-1-g345015fe64 (webtiles) character file.

134 Ivernyr the Charmwright (level 4, -3/34 HPs)
             Began as a Demonspawn Skald on Apr 27, 2018.
             Killed by nerve-wracking pain
             ... invoked by an orc priest
              (10 damage)
             ... on level 4 of the Dungeon.
             The game lasted 00:05:12 (3020 turns).

Ivernyr the Charmwright (Demonspawn Skald)          Turns: 3020, Time: 00:05:12

Health: -3/34      AC:  3    Str: 11    XL:     4   Next: 95%
Magic:  4/7        EV: 12    Int: 14    God:
Gold:   183        SH:  0    Dex: 14    Spells: 2/7 levels left

rFire    . . .     SeeInvis .   a - +0 falchion
rCold    . . .     Gourm    .   (no shield)
rNeg     . . .     Faith    .   b - +0 leather armour
rPois    .         Spirit   .   (no helmet)
rElec    .         Reflect  .   (no cloak)
rCorr    .         Harm     .   (no gloves)
MR       .....                  (no boots)
Stlth    +.........             (no amulet)
HPRegen  0.11/turn              (no ring)
MPRegen  0.10/turn              (no ring)

@: shrouded
A: hooves 1, powered by death 1
a: no special abilities


You were on level 4 of the Dungeon.
You were not hungry.

You visited 1 branch of the dungeon, and saw 4 of its levels.

You collected 183 gold pieces.

Inventory:

Hand Weapons
 a - a +0 falchion (weapon)
Armour
 b - a +0 leather armour (worn)
 p - a +0 buckler
Wands
 o - a wand of flame (38)
Scrolls
 e - a scroll of blinking {unknown}
 f - 9 scrolls of identify {unknown}
 g - 2 scrolls of fog {unknown}
 h - 4 scrolls of remove curse {unknown}
 k - a scroll of enchant weapon {unknown}
 m - a scroll of immolation {unknown}
 q - a scroll of teleportation {unknown}
Potions
 i - a potion of heal wounds {unknown}
 j - 3 potions of curing {unknown}
 l - 2 potions of flight {unknown}
 n - a potion of ambrosia {unknown}
Books
 c - a book of Battle

   Spells                             Type                      Level
   a - Infusion                       Charms                       1
   b - Shroud of Golubria             Charms/Translocation         2
   c - Song of Slaying                Charms                       2
   d - Spectral Weapon                Hexes/Charms                 3
   e - Regeneration                   Charms/Necromancy            3
Comestibles
 d - 4 rations
 r - 2 chunks of flesh


   Skills:
 + Level 2.9 Fighting
 + Level 2.5 Long Blades
 * Level 2.7 Armour
 - Level 1.7 Dodging
 - Level 2.0 Spellcasting
 + Level 3.3 Charms


You had 2 spell levels left.
You knew the following spells:

 Your Spells              Type           Power        Failure   Level  Hunger
a - Shroud of Golubria    Chrm/Tloc      #.........   22%         2    ###....
b - Song of Slaying       Chrm           ##......     12%         2    ###....
c - Infusion              Chrm           ##..         8%          1    ##.....


Dungeon Overview and Level Annotations

Branches:
Dungeon (4/15)
 Temple: D:4-7

Altars:
Gozag
Uskayaw


Innate Abilities, Weirdness & Mutations

You have large cloven feet.
You regenerate a little health from kills.


Message History

You kick the orc priest.
The orc priest is severely wounded.
The orc priest hits you with a club.
* * * LOW HITPOINT WARNING * * *
You hit the orc priest.
The orc priest is almost dead.
The orc priest hits you with a club.
* * * LOW HITPOINT WARNING * * *
Casting: Shroud of Golubria
Confirm with . or Enter, or press ? or * to list all spells.
Space distorts slightly along a thin shroud covering your body.
The orc priest barely misses you.
You hit the orc priest.
The orc priest is almost dead.
Your shroud bends the orc priest's attack away.
You hit the orc priest but do no damage.
The orc priest is almost dead.
The orc priest invokes the aid of Beogh against you.
Pain shoots through your body!
You die...

#### ...# ##.#
##.#########################
##........)........'........
##8.###8.###8.###8[#........
##### ##############÷#######
# ......o@..........# #
≈≈≈≈≈≈≈≈≈≈≈≈≈≈≈≈≈≈≈ #
≈≈≈≈≈≈≈≈≈≈≈≈≈≈≈≈≈≈≈ #
..................# #
################### # # # #


You could see an orc priest.

Vanquished Creatures
  An orc wizard (D:3)
  Natasha (D:4)
  An adder (D:2)
  2 worms
  A leopard gecko (D:2)
  4 orcs
  2 ball pythons
  3 bats
  2 giant cockroaches
  10 goblins
  7 hobgoblins
  6 jackals (D:3)
  2 quokkas
  5 frilled lizards
  5 kobolds
  7 rats
59 creatures vanquished.

Notes
Turn   | Place    | Note
-------+----------+-------------------------------------------
     0 | D:1      | Ivernyr the Demonspawn Skald began the quest for the Orb.
     0 | D:1      | Reached XP level 1. HP: 16/16 MP: 3/3
     7 | D:1      | Reached skill level 1 in Armour
   363 | D:1      | Gained mutation: You regenerate a little health from kills. [demonic ancestry]
   363 | D:1      | Reached XP level 2. HP: 18/22 MP: 5/5
   384 | D:1      | Learned a level 2 spell: Song of Slaying
   387 | D:1      | Learned a level 2 spell: Shroud of Golubria
   992 | D:2      | Reached skill level 3 in Charms
   992 | D:2      | Reached XP level 3. HP: 28/28 MP: 3/6
  1028 | D:2      | Found a hide-covered altar of Uskayaw.
  2016 | D:3      | Found an opulent altar of Gozag.
  2097 | D:3      | Gained mutation: You have large cloven feet. [demonic ancestry]
  2097 | D:3      | Reached XP level 4. HP: 33/34 MP: 7/7
  2926 | D:4      | Noticed Natasha
  2943 | D:4      | Killed Natasha
  3020 | D:4      | Killed from afar by an orc priest

Skill      XL: |  1  2  3 |
---------------+----------+-----
Armour         | 1 2 |  2.7
Long Blades    | 2 |  2.5
Charms         | 3 |  3.3
Fighting       | |  2.9
Dodging        | |  1.7
Spellcasting   | |  2.0

Action                   |  1- 3 |  4- 6 || total
-------------------------+-------+-------++-------
Melee: Falchion          |   160 |    66 ||   226
       Kick              |       |    15 ||    15
 Cast: Shroud of Golubri |     4 |     8 ||    12
       Song of Slaying   |     1 |     1 ||     2
 Stab: Sleeping          |     1 |       ||     1
  Eat: Chunk             |     4 |     4 ||     8
Armor: Leather armour    |    42 |    11 ||    53
Dodge: Dodged            |   107 |    49 ||   156
       Rpst.: Falchion   |    33 |    19 ||    52
